Marlies vs Phantoms

Created - Monday, February 23, 2015 at 23:44

Goals
1 2 3 OT1 T
Marlies 1 1 0 1 3
Phantoms 1 1 0 0 2
Shots
1 2 3 OT1 T
Marlies 6 10 7 3 26
Phantoms 14 13 3 2 32

1st period

1. Marlies , Jonathon Blum 40 (Rich Clune) at 5:11 (PP)
2. Phantoms , Randy Jones 3 (Mark Van Guilder, Dmitrij Jaskin) at 7:17 (PP)

Penalties :
Jonathan Hazen (ADR) for Holding (Minor) at 4:54, Farm Player24 (TOR) for Hooking (Minor) at 5:49, Zack Stortini (ADR) for Fighting (Major) at 8:37, Drew Schiestel (TOR) for Fighting (Major) at 8:37, Zack FitzGerald (ADR) for Fighting (Major) at 8:57, Rich Clune (TOR) for Fighting (Major) at 8:57, Zack Stortini (ADR) for Goalie Interference (Minor) at 16:33

2nd period

3. Marlies , Jonathon Blum 41 (Scott Harrington) at 2:55 (SH)
4. Phantoms , Dmitrij Jaskin 9 (Greg Zanon, Harri Pesonen) at 4:23 (PP)

Penalties :
Zack Stortini (ADR) for Fighting (Major) at 2:33, Rich Clune (TOR) for Fighting (Major) at 2:33, Rich Clune (TOR) for instigated a fight (Minor) at 2:33, Rich Clune (TOR) for instigated a fight (10 Minutes Misconduct) at 2:33, Zack FitzGerald (ADR) for Hooking (Minor) at 13:03

3rd period

No Goal

Penalties :
Dmitrij Jaskin (ADR) for Diving (Minor) at 0:23

Overtime #1

5. Marlies , Scott Harrington 3 (Jonathon Blum) at 2:58

Penalties :
No Penalty

Goalie Stats

Anders Nilsson (TOR), 30 saves from 32 shots - (0.938), W, 7-2-5, 62:58 minutes
Johan Hedberg (ADR), 23 saves from 26 shots - (0.885), OTL, 4-18-3, 62:58 minutes

Players Stats for Marlies

Player Name              G  A  P  +/- PIM S  H  SB GA TA FO     MP     PP MP  PK MP  
------------------------------------------------------------------------------------
Andrew Yogan             0  0  0   0  0   0  1  0  0  0  1/1    18:36   2:45   0:00 
Austen Brassard          0  0  0   0  0   0  1  0  2  1  0/0    19:59   0:45   0:00 
Brendon Nash             0  0  0   0  0   1  1  2  1  1  0/0    14:03   0:00   0:00 
Drew Schiestel           0  0  0   0  5   1  1  1  0  0  0/0    18:36   2:49   1:04 
Farm Player24            0  0  0   2  2   0  0  0  0  0  0/0    18:45   0:28   1:50 
Farm Player29            0  0  0   1  0   0  1  1  0  0  0/0    10:40   0:30   0:00 
Farm Player44            0  0  0   0  0   0  1  0  0  0  0/0    10:29   0:28   0:00 
Harrison Ruopp           0  0  0   0  0   2  0  0  1  0  0/0    13:13   0:00   0:00 
Jake Hansen              0  0  0   0  0   2  1  1  2  2  0/1    18:54   2:45   0:00 
Jason Clark              0  0  0   0  0   3  3  1  0  1  4/6    17:30   0:45   0:00 
Joel Armia               0  0  0   0  0   0  1  0  4  1  0/1    18:00   3:01   0:00 
Jonathon Blum            2  1  3   2  0   6  1  4  2  0  0/0    23:17   3:25   2:14 
Jordan Henry             0  0  0   0  0   0  0  0  0  1  0/0     7:23   0:00   0:00 
Morgan Ellis             0  0  0   0  0   0  1  0  0  1  0/0    19:04   2:49   1:04 
Nicolas Deschamps        0  0  0   0  0   3  3  0  1  1  5/13   19:15   2:45   0:00 
Rich Clune               0  1  1   0  22  2  4  1  0  1  0/2    11:46   2:14   1:28 
Scott Harrington         1  1  2   2  0   6  4  3  1  2  0/0    23:17   3:25   2:14 
Shane Prince             0  0  0   1  0   0  1  2  3  0  9/21   25:38   2:16   3:18 

Players Stats for Phantoms

Player Name              G  A  P  +/- PIM S  H  SB GA TA FO     MP     PP MP  PK MP  
------------------------------------------------------------------------------------
Chris Langkow            0  0  0   0  0   3  1  1  1  1  9/15   19:09   1:24   0:00 
Denver Manderson         0  0  0  -1  0   1  1  1  1  0  0/0    18:40   0:47   0:00 
Dmitrij Jaskin           1  1  2  -1  2   8  1  2  10 0  4/8    23:43   1:54   2:22 
Farm Player34            0  0  0   0  0   0  1  0  0  0  2/7    16:45   0:00   1:57 
Farm Player37            0  0  0   0  0   0  1  1  0  0  0/0     7:50   0:00   0:44 
Garnet Exelby            0  0  0  -1  0   3  0  0  4  1  0/0    23:26   1:22   5:06 
Garrett Wilson           0  0  0   0  0   2  2  1  2  1  1/1    19:39   1:24   0:30 
Greg Zanon               0  1  1  -1  0   4  0  2  1  3  0/0    20:09   1:56   1:08 
Harri Pesonen            0  1  1  -1  0   1  2  3  1  1  2/2    25:50   1:54   4:07 
Jerome Gauthier-Leduc    0  0  0  -1  0   0  1  1  0  1  0/0    20:09   1:56   1:08 
Jonathan Hazen           0  0  0   0  2   1  1  1  1  0  1/1    15:35   0:00   2:18 
Josh Lunden              0  0  0  -1  0   0  0  1  1  0  0/0     9:06   0:00   0:00 
Keegan Lowe              0  0  0   0  0   0  3  1  0  1  0/0    14:28   0:00   0:00 
Mark Van Guilder         0  1  1  -1  0   4  0  0  1  0  7/11   15:02   1:54   0:30 
Randy Jones              1  0  1  -1  0   3  1  2  1  2  0/0    28:20   1:22   5:06 
Steve MacIntyre          0  0  0   0  0   0  0  0  0  0  0/0     0:00   0:00   0:00 
Zack FitzGerald          0  0  0   0  7   0  2  0  0  0  0/0    13:00   0:00   0:00 
Zack Stortini            0  0  0   0  12  2  1  0  2  0  0/0    14:35   0:37   0:00 

3 Stars

1 - Jonathon Blum (TOR)
2 - Scott Harrington (TOR)
3 - Anders Nilsson (TOR)

Power Play

Marlies - 1 on 4 Attempt(s) - 25.00%
Phantoms - 2 on 2 Attempt(s) - 100.00%

Penalty Kill

Marlies - 0 on 2 Attempt(s) - 0.00% - Score 1 goal in Penalty Kill
Phantoms - 3 on 4 Attempt(s) - 75.00% - Score 0 goal in Penalty Kill

Team Stat

Marlies - Hits : 25 - Faceoff Wins : 19 - Blocked Shots : 16 - Penalty Minutes : 29
Phantoms - Hits : 18 - Faceoff Wins : 26 - Blocked Shots : 17 - Penalty Minutes : 23

Official

Referees : Unknown
Linesman : Unknown

Game Notes

7:17 of 1st period - Phantoms goal is going for a video replay. After video review, Goal.
Zack Stortini beats up Drew Schiestel at 8:37 of 1st period
Zack FitzGerald and Rich Clune fight to a draw at 8:57 of 1st period
Zack Stortini beats up Rich Clune at 2:33 of 2nd period
Rich Clune is injured at 8:50 of 3rd period (Strained Left Knee)

Finance

Level 1 -- Attendance: 1514 (75.70%) -- Ticket Income $27,252
Level 2 -- Attendance: 705 (70.50%) -- Ticket Income $4,935
Total Attendance: 2219 (73.97%)
Total Ticket Income: $32,187
Other Income: $15,772
Total Income: $47,959

Marlies

5 vs 5 Forward 
   Center                   Left Wing                Right Wing               Time % Phy DF OF 
 1 Shane Prince             Rich Clune               Joel Armia               35     1   2  2  
 2 Nicolas Deschamps        Andrew Yogan             Jake Hansen              30     1   2  2  
 3 Jason Clark              Farm Player24            Austen Brassard          22     1   2  2  
 4 Farm Player44            Shane Prince             Rich Clune               13     1   2  2  

5 vs 5 Defense 
   Defense                  Defense                                           Time % Phy DF OF 
 1 Jonathon Blum            Scott Harrington                                  35     1   2  2  
 2 Morgan Ellis             Drew Schiestel                                    30     1   2  2  
 3 Brendon Nash             Harrison Ruopp                                    22     1   2  2  
 4 Jordan Henry             Farm Player29                                     13     1   2  2  

PowerPlay Forward 
   Center                   Left Wing                Right Wing               Time % Phy DF OF 
 1 Shane Prince             Rich Clune               Joel Armia               60     1   2  2  
 2 Nicolas Deschamps        Andrew Yogan             Jake Hansen              40     1   2  2  

PowerPlay Defense
   Defense                  Defense                                           Time % Phy DF OF 
 1 Jonathon Blum            Scott Harrington                                  60     1   2  2  
 2 Morgan Ellis             Drew Schiestel                                    40     1   2  2  

Penalty Kill 4 Players Forward 
   Center                   Wing                     Time % Phy DF OF 
 1 Shane Prince             Rich Clune               60     1   2  2  
 2 Joel Armia               Nicolas Deschamps        40     1   2  2  

Penalty Kill 4 Players Defense
   Defense                  Defense                  Time % Phy DF OF 
 1 Jonathon Blum            Scott Harrington         60     1   2  2  
 2 Morgan Ellis             Drew Schiestel           40     1   2  2  

Penalty Kill - 3 Players Forward 
   Forward                                           Time % Phy DF OF 
 1 Shane Prince                                      60     1   2  2  
 2 Rich Clune                                        40     1   2  2  

Penalty Kill - 3 Players Defense
   Defense                  Defense                  Time % Phy DF OF 
 1 Jonathon Blum            Scott Harrington         60     1   2  2  
 2 Morgan Ellis             Drew Schiestel           40     1   2  2  

4 vs 4 Forward 
   Center                   Wing                     Time % Phy DF OF 
 1 Shane Prince             Rich Clune               60     1   2  2  
 2 Joel Armia               Nicolas Deschamps        40     1   2  2  

4 vs 4 Defense
   Defense                  Defense                  Time % Phy DF OF 
 1 Jonathon Blum            Scott Harrington         60     1   2  2  
 2 Morgan Ellis             Drew Schiestel           40     1   2  2  

Last Minutes Offensive
   Center                   Left Wing                Right Wing               Defense                  Defense                  
   Shane Prince             Rich Clune               Joel Armia               Jonathon Blum            Scott Harrington         

Last Minutes Defensive
   Center                   Left Wing                Right Wing               Defense                  Defense                  
   Shane Prince             Rich Clune               Joel Armia               Jonathon Blum            Scott Harrington         

Goaltenders
Starting : Anders Nilsson           
Backup : Chet Pickard             

Extra Forwards
Normal : Austen Brassard, Jason Clark, Farm Player24 - PP : Austen Brassard, Jason Clark - PK : Farm Player24
Extra Defensemen
Normal : Brendon Nash, Harrison Ruopp, Jordan Henry - PP : Brendon Nash - PK : Harrison Ruopp, Jordan Henry
Penalty Shots
Shane Prince, Rich Clune, Joel Armia, Nicolas Deschamps, Jake Hansen

Phantoms

5 vs 5 Forward 
   Center                   Left Wing                Right Wing               Time % Phy DF OF 
 1 Mark Van Guilder         Dmitrij Jaskin           Harri Pesonen            35     1   2  2  
 2 Chris Langkow            Garrett Wilson           Zack Stortini            30     1   2  2  
 3 Farm Player34            Denver Manderson         Jonathan Hazen           22     1   2  2  
 4 Dmitrij Jaskin           Josh Lunden              Harri Pesonen            13     1   2  2  

5 vs 5 Defense 
   Defense                  Defense                                           Time % Phy DF OF 
 1 Randy Jones              Garnet Exelby                                     35     1   2  2  
 2 Greg Zanon               Jerome Gauthier-Leduc                             30     1   2  2  
 3 Keegan Lowe              Zack FitzGerald                                   22     1   2  2  
 4 Farm Player37            Randy Jones                                       13     1   2  2  

PowerPlay Forward 
   Center                   Left Wing                Right Wing               Time % Phy DF OF 
 1 Mark Van Guilder         Dmitrij Jaskin           Harri Pesonen            60     1   2  2  
 2 Chris Langkow            Garrett Wilson           Zack Stortini            40     1   2  2  

PowerPlay Defense
   Defense                  Defense                                           Time % Phy DF OF 
 1 Randy Jones              Garnet Exelby                                     60     1   2  2  
 2 Greg Zanon               Jerome Gauthier-Leduc                             40     1   2  2  

Penalty Kill 4 Players Forward 
   Center                   Wing                     Time % Phy DF OF 
 1 Dmitrij Jaskin           Harri Pesonen            60     1   2  2  
 2 Garrett Wilson           Mark Van Guilder         40     1   2  2  

Penalty Kill 4 Players Defense
   Defense                  Defense                  Time % Phy DF OF 
 1 Randy Jones              Garnet Exelby            60     1   2  2  
 2 Greg Zanon               Jerome Gauthier-Leduc    40     1   2  2  

Penalty Kill - 3 Players Forward 
   Forward                                           Time % Phy DF OF 
 1 Dmitrij Jaskin                                    60     1   2  2  
 2 Harri Pesonen                                     40     1   2  2  

Penalty Kill - 3 Players Defense
   Defense                  Defense                  Time % Phy DF OF 
 1 Randy Jones              Garnet Exelby            60     1   2  2  
 2 Greg Zanon               Jerome Gauthier-Leduc    40     1   2  2  

4 vs 4 Forward 
   Center                   Wing                     Time % Phy DF OF 
 1 Dmitrij Jaskin           Harri Pesonen            60     1   2  2  
 2 Garrett Wilson           Mark Van Guilder         40     1   2  2  

4 vs 4 Defense
   Defense                  Defense                  Time % Phy DF OF 
 1 Randy Jones              Garnet Exelby            60     1   2  2  
 2 Greg Zanon               Jerome Gauthier-Leduc    40     1   2  2  

Last Minutes Offensive
   Center                   Left Wing                Right Wing               Defense                  Defense                  
   Mark Van Guilder         Dmitrij Jaskin           Harri Pesonen            Randy Jones              Garnet Exelby            

Last Minutes Defensive
   Center                   Left Wing                Right Wing               Defense                  Defense                  
   Mark Van Guilder         Dmitrij Jaskin           Harri Pesonen            Randy Jones              Garnet Exelby            

Goaltenders
Starting : Johan Hedberg            
Backup : Laurent Brossoit         

Extra Forwards
Normal : Denver Manderson, Josh Lunden, Jonathan Hazen - PP : Denver Manderson, Josh Lunden - PK : Jonathan Hazen
Extra Defensemen
Normal : Keegan Lowe, Zack FitzGerald, Farm Player34 - PP : Keegan Lowe - PK : Zack FitzGerald, Farm Player34
Penalty Shots
Dmitrij Jaskin, Harri Pesonen, Garrett Wilson, Mark Van Guilder, Zack Stortini

% Time on Ice - Marlies

Lines # - Real PCT - Wanted PCT - Time Play
Normal Forward
1 - 30% - 35% - 15:14
2 - 30% - 30% - 15:18
3 - 21% - 22% - 10:46
4 - 18% - 13% - 9:10
Normal Defense
1 - 32% - 35% - 16:05
2 - 27% - 30% - 13:47
3 - 26% - 22% - 13:13
4 - 15% - 13% - 7:23
PP Forward
1 - 56% - 60% - 3:29
2 - 44% - 40% - 2:45
PP Defense
1 - 55% - 60% - 3:25
2 - 45% - 40% - 2:49
PK Forward
1 - 100% - 60% - 3:18
2 - 0% - 40% - 0:00
PK Defense
1 - 68% - 60% - 2:14
2 - 32% - 40% - 1:04
PK3 Forward
1 - 0% - 60%
2 - 0% - 40%
PK3 Defense
1 - 0% - 60%
2 - 0% - 40%
44 Forward
1 - 100% - 60% - 2:58
2 - 0% - 40% - 0:00
44 Defense
1 - 53% - 60% - 1:34
2 - 47% - 40% - 1:24
Last Minute Offensive  - 0:00
Last Minute Defensive  - 0:00
Total
Forward - 62:58
Defense - 62:58

% Time on Ice - Phantoms

Lines # - Real PCT - Wanted PCT - Time Play
Normal Forward
1 - 27% - 35% - 13:27
2 - 35% - 30% - 17:45
3 - 26% - 22% - 13:15
4 - 12% - 13% - 6:01
Normal Defense
1 - 30% - 35% - 14:58
2 - 32% - 30% - 16:08
3 - 29% - 22% - 14:28
4 - 10% - 13% - 4:54
PP Forward
1 - 58% - 60% - 1:54
2 - 42% - 40% - 1:24
PP Defense
1 - 41% - 60% - 1:22
2 - 59% - 40% - 1:56
PK Forward
1 - 92% - 60% - 5:44
2 - 8% - 40% - 0:30
PK Defense
1 - 82% - 60% - 5:06
2 - 18% - 40% - 1:08
PK3 Forward
1 - 0% - 60%
2 - 0% - 40%
PK3 Defense
1 - 0% - 60%
2 - 0% - 40%
44 Forward
1 - 100% - 60% - 2:58
2 - 0% - 40% - 0:00
44 Defense
1 - 68% - 60% - 2:01
2 - 32% - 40% - 0:57
Last Minute Offensive  - 0:00
Last Minute Defensive  - 0:00
Total
Forward - 62:58
Defense - 62:58

Play by Play

1st period


0:01 of 1st period - Mark Van Guilder wins face-off versus Shane Prince in neutral zone.
0:16 of 1st period - Backhand shot by Mark Van Guilder.
0:16 of 1st period - Shot Misses the Net.
0:51 of 1st period - Jonathon Blum is hit by Zack Stortini and loses puck.
0:58 of 1st period - Backhand shot by Greg Zanon.
0:58 of 1st period - Deflect By Nicolas Deschamps.
0:58 of 1st period - Stopped by Anders Nilsson with a rebound.
1:00 of 1st period - Snap shot by Chris Langkow.
1:00 of 1st period - Stopped by Anders Nilsson with a rebound.
1:02 of 1st period - Slapshot by Greg Zanon.
1:02 of 1st period - Stopped by Anders Nilsson with a rebound.
1:04 of 1st period - Wrist shot by Zack Stortini.
1:04 of 1st period - Deflect By Jonathon Blum.
1:04 of 1st period - Stopped by Anders Nilsson with a rebound.
1:06 of 1st period - Snap shot by Jerome Gauthier-Leduc.
1:06 of 1st period - Shot Misses the Net.
1:08 of 1st period - Wrist shot by Garrett Wilson.
1:08 of 1st period - Shot Misses the Net.
1:10 of 1st period - Slapshot by Greg Zanon.
1:10 of 1st period - Shot Blocked by Jake Hansen.
1:12 of 1st period - Slapshot by Garrett Wilson.
1:12 of 1st period - Shot Blocked by Scott Harrington.
1:46 of 1st period - Austen Brassard is hit by Jerome Gauthier-Leduc and loses puck.
1:53 of 1st period - Wrist shot by Morgan Ellis.
1:53 of 1st period - Shot Blocked by Jonathan Hazen.
2:13 of 1st period - Austen Brassard is hit by Zack FitzGerald and loses puck.
3:12 of 1st period - Snap shot by Mark Van Guilder.
3:12 of 1st period - Stopped by Anders Nilsson with a rebound.
3:14 of 1st period - Snap shot by Dmitrij Jaskin.
3:14 of 1st period - Shot Misses the Net.
3:39 of 1st period - Icing by Morgan Ellis.
3:40 of 1st period - Nicolas Deschamps wins face-off versus Chris Langkow in Marlies zone.
3:56 of 1st period - Zack Stortini is hit by Nicolas Deschamps and loses puck.
4:15 of 1st period - Snap shot by Mark Van Guilder.
4:15 of 1st period - Shot Misses the Net.
4:17 of 1st period - Snap shot by Mark Van Guilder.
4:17 of 1st period - Stopped by Anders Nilsson without a rebound.
4:18 of 1st period - Mark Van Guilder wins face-off versus Shane Prince in Marlies zone.
4:19 of 1st period - Wrist shot by Dmitrij Jaskin.
4:19 of 1st period - Stopped by Anders Nilsson with a rebound.
4:21 of 1st period - Backhand shot by Dmitrij Jaskin.
4:21 of 1st period - Shot Misses the Net.
4:23 of 1st period - Snap shot by Mark Van Guilder.
4:23 of 1st period - Stopped by Anders Nilsson with a rebound.
4:25 of 1st period - Snap shot by Dmitrij Jaskin.
4:25 of 1st period - Stopped by Anders Nilsson without a rebound.
4:26 of 1st period - Harri Pesonen wins face-off versus Nicolas Deschamps in Marlies zone.
4:54 of 1st period - Minor Penalty to Jonathan Hazen for Holding.
4:55 of 1st period - Dmitrij Jaskin wins face-off versus Shane Prince in Phantoms zone.
5:11 of 1st period - Slapshot by Jonathon Blum.
5:11 of 1st period - Goal by Jonathon Blum - Marlies : 1 - Phantoms : 0.
5:12 of 1st period - Chris Langkow wins face-off versus Jason Clark in neutral zone.
5:15 of 1st period - Backhand shot by Garnet Exelby.
5:15 of 1st period - Shot Blocked by Farm Player29.
5:44 of 1st period - Snap shot by Zack Stortini.
5:44 of 1st period - Shot Misses the Net.
5:49 of 1st period - Minor Penalty to Farm Player24 for Hooking.
5:50 of 1st period - Shane Prince wins face-off versus Mark Van Guilder in Marlies zone.
6:10 of 1st period - Slapshot by Garnet Exelby.
6:10 of 1st period - Shot Misses the Net.
6:12 of 1st period - Slapshot by Garnet Exelby.
6:12 of 1st period - Stopped by Anders Nilsson without a rebound.
6:13 of 1st period - Shane Prince wins face-off versus Chris Langkow in Marlies zone.
6:22 of 1st period - Slapshot by Greg Zanon.
6:22 of 1st period - Shot Blocked by Rich Clune.
6:24 of 1st period - Slapshot by Jerome Gauthier-Leduc.
6:24 of 1st period - Shot Misses the Net.
6:26 of 1st period - Slapshot by Garrett Wilson.
6:26 of 1st period - Stopped by Anders Nilsson with a rebound.
6:28 of 1st period - Snap shot by Jerome Gauthier-Leduc.
6:28 of 1st period - Shot Misses the Net.
6:56 of 1st period - Greg Zanon is hit by Rich Clune and loses puck.
7:15 of 1st period - Slapshot by Mark Van Guilder.
7:15 of 1st period - Shot Hit the Post.
7:17 of 1st period - Slapshot by Randy Jones.
7:17 of 1st period - Phantoms goal is going for a video replay.
7:17 of 1st period - The goal is good.
7:17 of 1st period - Goal by Randy Jones - Marlies : 1 - Phantoms : 1.
7:18 of 1st period - Farm Player34 wins face-off versus Nicolas Deschamps in neutral zone.
7:27 of 1st period - Slapshot by Garnet Exelby.
7:27 of 1st period - Stopped by Anders Nilsson with a rebound.
8:14 of 1st period - Randy Jones is hit by Austen Brassard.
8:37 of 1st period - Zack Stortini beats up Drew Schiestel.
8:37 of 1st period - Penalty to Zack Stortini for Fighting.
8:37 of 1st period - Penalty to Drew Schiestel for Fighting.
8:38 of 1st period - Chris Langkow wins face-off versus Shane Prince in Marlies zone.
8:57 of 1st period - Zack FitzGerald and Rich Clune fight to a draw.
8:57 of 1st period - Penalty to Zack FitzGerald for Fighting.
8:57 of 1st period - Penalty to Rich Clune for Fighting.
8:58 of 1st period - Mark Van Guilder wins face-off versus Shane Prince in Phantoms zone.
9:27 of 1st period - Wrist shot by Joel Armia.
9:27 of 1st period - Shot Blocked by Jerome Gauthier-Leduc.
9:29 of 1st period - Snap shot by Harrison Ruopp.
9:29 of 1st period - Stopped by Johan Hedberg without a rebound.
9:30 of 1st period - Chris Langkow wins face-off versus Nicolas Deschamps in Phantoms zone.
9:51 of 1st period - Wrist shot by Jonathon Blum.
9:51 of 1st period - Shot Blocked by Denver Manderson.
9:53 of 1st period - Slapshot by Jonathon Blum.
9:53 of 1st period - Stopped by Johan Hedberg without a rebound.
9:54 of 1st period - Shane Prince wins face-off versus Dmitrij Jaskin in Phantoms zone.
10:39 of 1st period - Slapshot by Garrett Wilson.
10:39 of 1st period - Shot Blocked by Shane Prince.
10:41 of 1st period - Slapshot by Farm Player34.
10:41 of 1st period - Deflect By Chris Langkow.
10:41 of 1st period - Shot Misses the Net.
10:41 of 1st period - Puck is out of play.
10:42 of 1st period - Andrew Yogan wins face-off versus Chris Langkow in Marlies zone.
11:53 of 1st period - Scott Harrington is hit by Jonathan Hazen and loses puck.
12:02 of 1st period - Slapshot by Greg Zanon.
12:02 of 1st period - Shot Blocked by Jonathon Blum.
12:04 of 1st period - Slapshot by Greg Zanon.
12:04 of 1st period - Deflect By Denver Manderson.
12:04 of 1st period - Shot Misses the Net.
12:04 of 1st period - Puck is out of play.
12:05 of 1st period - Shane Prince wins face-off versus Farm Player34 in Marlies zone.
12:05 of 1st period - Shane Prince is hit by Keegan Lowe.
12:43 of 1st period - Slapshot by Jake Hansen.
12:43 of 1st period - Shot Misses the Net.
13:08 of 1st period - Austen Brassard is hit by Keegan Lowe and loses puck.
13:21 of 1st period - Slapshot by Jordan Henry.
13:21 of 1st period - Shot Misses the Net.
13:32 of 1st period - Icing by Austen Brassard.
13:33 of 1st period - Shane Prince wins face-off versus Farm Player34 in Marlies zone.
15:59 of 1st period - Slapshot by Greg Zanon.
15:59 of 1st period - Shot Misses the Net.
16:01 of 1st period - Snap shot by Denver Manderson.
16:01 of 1st period - Deflect By Jonathan Hazen.
16:01 of 1st period - Stopped by Anders Nilsson without a rebound.
16:02 of 1st period - Nicolas Deschamps wins face-off versus Farm Player34 in Marlies zone.
16:02 of 1st period - Nicolas Deschamps is hit by Denver Manderson.
16:33 of 1st period - Minor Penalty to Zack Stortini for Goalie Interference.
16:34 of 1st period - Harri Pesonen wins face-off versus Rich Clune in Phantoms zone.
18:06 of 1st period - Nicolas Deschamps is hit by Garrett Wilson and loses puck.
18:32 of 1st period - Snap shot by Dmitrij Jaskin.
18:32 of 1st period - Shot Misses the Net.
18:33 of 1st period - Penalty to Zack Stortini is over, Zack Stortini is back on ice.
18:54 of 1st period - Backhand shot by Zack Stortini.
18:54 of 1st period - Shot Blocked by Brendon Nash.
19:47 of 1st period - Slapshot by Jonathon Blum.
19:47 of 1st period - Shot Blocked by Garrett Wilson.
19:49 of 1st period - Snap shot by Scott Harrington.
19:49 of 1st period - Stopped by Johan Hedberg with a rebound.
19:51 of 1st period - Snap shot by Jonathon Blum.
19:51 of 1st period - Stopped by Johan Hedberg with a rebound.
19:53 of 1st period - Snap shot by Scott Harrington.
19:53 of 1st period - Shot Misses the Net.
19:55 of 1st period - Snap shot by Jonathon Blum.
19:55 of 1st period - Deflect By Rich Clune.
19:55 of 1st period - Stopped by Johan Hedberg with a rebound.
19:57 of 1st period - Slapshot by Scott Harrington.
19:57 of 1st period - Shot Misses the Net.
Goals for this period are 1 for Marlies vs 1 for Phantoms.
Shots for this period are 6 for Marlies vs 14 for Phantoms.

2nd period


0:01 of 2nd period - Mark Van Guilder wins face-off versus Shane Prince in neutral zone.
0:36 of 2nd period - Snap shot by Dmitrij Jaskin.
0:36 of 2nd period - Stopped by Anders Nilsson with a rebound.
0:38 of 2nd period - Backhand shot by Harri Pesonen.
0:38 of 2nd period - Stopped by Anders Nilsson with a rebound.
1:03 of 2nd period - Slapshot by Jonathon Blum.
1:03 of 2nd period - Shot Misses the Net.
1:22 of 2nd period - Snap shot by Nicolas Deschamps.
1:22 of 2nd period - Stopped by Johan Hedberg with a rebound.
1:37 of 2nd period - Randy Jones is hit by Andrew Yogan and loses puck.
2:15 of 2nd period - Greg Zanon is hit by Brendon Nash and loses puck.
2:29 of 2nd period - Jerome Gauthier-Leduc is hit by Rich Clune and loses puck.
2:33 of 2nd period - Zack Stortini beats up Rich Clune.
2:33 of 2nd period - Penalty to Zack Stortini for Fighting.
2:33 of 2nd period - Penalty to Rich Clune for Fighting.
2:33 of 2nd period - Penalty to Rich Clune for instigated a fight.
2:33 of 2nd period - Penalty to Rich Clune for instigated a fight.
2:34 of 2nd period - Mark Van Guilder wins face-off versus Shane Prince in neutral zone.
2:47 of 2nd period - Slapshot by Jonathon Blum.
2:47 of 2nd period - Shot Blocked by Harri Pesonen.
2:49 of 2nd period - Slapshot by Scott Harrington.
2:49 of 2nd period - Deflect By Greg Zanon.
2:49 of 2nd period - Stopped by Johan Hedberg with a rebound.
2:53 of 2nd period - Slapshot by Jonathon Blum.
2:53 of 2nd period - Shot Blocked by Greg Zanon.
2:55 of 2nd period - Snap shot by Jonathon Blum.
2:55 of 2nd period - Goal by Jonathon Blum - Marlies : 2 - Phantoms : 1.
2:56 of 2nd period - Mark Van Guilder wins face-off versus Shane Prince in neutral zone.
3:03 of 2nd period - Wrist shot by Mark Van Guilder.
3:03 of 2nd period - Stopped by Anders Nilsson with a rebound.
3:05 of 2nd period - Wrist shot by Greg Zanon.
3:05 of 2nd period - Shot Misses the Net.
3:07 of 2nd period - Slapshot by Greg Zanon.
3:07 of 2nd period - Shot Blocked by Scott Harrington.
3:09 of 2nd period - Backhand shot by Mark Van Guilder.
3:09 of 2nd period - Shot Misses the Net.
3:11 of 2nd period - Slapshot by Greg Zanon.
3:11 of 2nd period - Shot Blocked by Jonathon Blum.
3:13 of 2nd period - Slapshot by Greg Zanon.
3:13 of 2nd period - Shot Blocked by Jonathon Blum.
3:15 of 2nd period - Snap shot by Mark Van Guilder.
3:15 of 2nd period - Deflect By Dmitrij Jaskin.
3:15 of 2nd period - Stopped by Anders Nilsson with a rebound.
3:17 of 2nd period - Snap shot by Dmitrij Jaskin.
3:17 of 2nd period - Shot Blocked by Shane Prince.
3:19 of 2nd period - Backhand shot by Greg Zanon.
3:19 of 2nd period - Deflect By Dmitrij Jaskin.
3:19 of 2nd period - Shot Misses the Net.
3:19 of 2nd period - Puck is out of play.
3:20 of 2nd period - Shane Prince wins face-off versus Chris Langkow in Marlies zone.
3:29 of 2nd period - Slapshot by Garnet Exelby.
3:29 of 2nd period - Stopped by Anders Nilsson without a rebound.
3:30 of 2nd period - Chris Langkow wins face-off versus Shane Prince in Marlies zone.
3:37 of 2nd period - Snap shot by Denver Manderson.
3:37 of 2nd period - Stopped by Anders Nilsson with a rebound.
3:39 of 2nd period - Slapshot by Randy Jones.
3:39 of 2nd period - Stopped by Anders Nilsson with a rebound.
3:41 of 2nd period - Snap shot by Denver Manderson.
3:41 of 2nd period - Shot Hit the Post.
3:43 of 2nd period - Slapshot by Chris Langkow.
3:43 of 2nd period - Stopped by Anders Nilsson with a rebound.
3:45 of 2nd period - Slapshot by Randy Jones.
3:45 of 2nd period - Shot Misses the Net.
3:47 of 2nd period - Snap shot by Denver Manderson.
3:47 of 2nd period - Shot Misses the Net.
4:01 of 2nd period - Slapshot by Greg Zanon.
4:01 of 2nd period - Shot Blocked by Drew Schiestel.
4:03 of 2nd period - Snap shot by Garrett Wilson.
4:03 of 2nd period - Shot Misses the Net.
4:23 of 2nd period - Snap shot by Dmitrij Jaskin.
4:23 of 2nd period - Goal by Dmitrij Jaskin - Marlies : 2 - Phantoms : 2.
4:24 of 2nd period - Nicolas Deschamps wins face-off versus Mark Van Guilder in neutral zone.
4:29 of 2nd period - Jerome Gauthier-Leduc is hit by Scott Harrington and loses puck.
5:11 of 2nd period - Wrist shot by Chris Langkow.
5:11 of 2nd period - Stopped by Anders Nilsson without a rebound.
5:12 of 2nd period - Chris Langkow wins face-off versus Shane Prince in Marlies zone.
5:21 of 2nd period - Wrist shot by Drew Schiestel.
5:21 of 2nd period - Shot Blocked by Farm Player37.
5:37 of 2nd period - Wrist shot by Shane Prince.
5:37 of 2nd period - Deflect By Joel Armia.
5:37 of 2nd period - Shot Misses the Net.
5:37 of 2nd period - Puck is out of play.
5:38 of 2nd period - Jason Clark wins face-off versus Dmitrij Jaskin in Phantoms zone.
5:39 of 2nd period - Snap shot by Austen Brassard.
5:39 of 2nd period - Deflect By Jason Clark.
5:39 of 2nd period - Stopped by Johan Hedberg without a rebound.
5:40 of 2nd period - Jason Clark wins face-off versus Dmitrij Jaskin in Phantoms zone.
5:55 of 2nd period - Wrist shot by Austen Brassard.
5:55 of 2nd period - Shot Blocked by Josh Lunden.
6:42 of 2nd period - Garnet Exelby is hit by Farm Player29.
6:58 of 2nd period - Denver Manderson is hit by Nicolas Deschamps and loses puck.
8:22 of 2nd period - Snap shot by Jonathon Blum.
8:22 of 2nd period - Stopped by Johan Hedberg with a rebound.
8:24 of 2nd period - Slapshot by Scott Harrington.
8:24 of 2nd period - Shot Misses the Net.
8:26 of 2nd period - Slapshot by Nicolas Deschamps.
8:26 of 2nd period - Stopped by Johan Hedberg with a rebound.
8:28 of 2nd period - Snap shot by Scott Harrington.
8:28 of 2nd period - Stopped by Johan Hedberg without a rebound.
8:29 of 2nd period - Farm Player34 wins face-off versus Jake Hansen in Phantoms zone.
8:40 of 2nd period - Backhand shot by Jonathon Blum.
8:40 of 2nd period - Deflect By Nicolas Deschamps.
8:40 of 2nd period - Shot Misses the Net.
8:40 of 2nd period - Puck is out of play.
8:41 of 2nd period - Shane Prince wins face-off versus Mark Van Guilder in Phantoms zone.
8:41 of 2nd period - Shane Prince is hit by Zack FitzGerald.
10:01 of 2nd period - Slapshot by Shane Prince.
10:01 of 2nd period - Shot Blocked by Dmitrij Jaskin.
10:14 of 2nd period - Brendon Nash is hit by Harri Pesonen and loses puck.
10:27 of 2nd period - Wrist shot by Zack Stortini.
10:27 of 2nd period - Shot Misses the Net.
10:29 of 2nd period - Snap shot by Garrett Wilson.
10:29 of 2nd period - Stopped by Anders Nilsson with a rebound.
10:37 of 2nd period - Snap shot by Zack Stortini.
10:37 of 2nd period - Stopped by Anders Nilsson with a rebound.
10:51 of 2nd period - Greg Zanon is hit by Morgan Ellis and loses puck.
11:26 of 2nd period - Off-side.
11:27 of 2nd period - Chris Langkow wins face-off versus Joel Armia in neutral zone.
12:35 of 2nd period - Keegan Lowe is hit by Jason Clark and loses puck.
13:03 of 2nd period - Minor Penalty to Zack FitzGerald for Hooking.
13:04 of 2nd period - Dmitrij Jaskin wins face-off versus Nicolas Deschamps in Phantoms zone.
13:32 of 2nd period - Slapshot by Jonathon Blum.
13:32 of 2nd period - Stopped by Johan Hedberg with a rebound.
13:34 of 2nd period - Slapshot by Scott Harrington.
13:34 of 2nd period - Stopped by Johan Hedberg with a rebound.
14:16 of 2nd period - Drew Schiestel is hit by Randy Jones and loses puck.
14:45 of 2nd period - Randy Jones is hit by Scott Harrington and loses puck.
15:03 of 2nd period - Penalty to Zack FitzGerald is over, Zack FitzGerald is back on ice.
15:07 of 2nd period - Randy Jones is hit by Drew Schiestel and loses puck.
17:33 of 2nd period - 10 Minutes Misconduct Penalty to Rich Clune is over.
17:38 of 2nd period - Jonathon Blum is hit by Keegan Lowe and loses puck.
18:48 of 2nd period - Wrist shot by Nicolas Deschamps.
18:48 of 2nd period - Stopped by Johan Hedberg with a rebound.
19:09 of 2nd period - Harri Pesonen is hit by Jason Clark and loses puck.
19:27 of 2nd period - Off-side.
19:28 of 2nd period - Chris Langkow wins face-off versus Nicolas Deschamps in neutral zone.
19:33 of 2nd period - Slapshot by Greg Zanon.
19:33 of 2nd period - Stopped by Anders Nilsson without a rebound.
19:34 of 2nd period - Nicolas Deschamps wins face-off versus Chris Langkow in Marlies zone.
Goals for this period are 1 for Marlies vs 1 for Phantoms.
Shots for this period are 10 for Marlies vs 13 for Phantoms.

3rd period


0:01 of 3rd period - Shane Prince wins face-off versus Mark Van Guilder in neutral zone.
0:23 of 3rd period - Minor Penalty to Dmitrij Jaskin for Diving.
0:24 of 3rd period - Jonathan Hazen wins face-off versus Nicolas Deschamps in Phantoms zone.
0:44 of 3rd period - Slapshot by Garnet Exelby.
0:44 of 3rd period - Shot Blocked by Scott Harrington.
0:57 of 3rd period - Backhand shot by Jonathon Blum.
0:57 of 3rd period - Deflect By Jake Hansen.
0:57 of 3rd period - Stopped by Johan Hedberg with a rebound.
0:59 of 3rd period - Slapshot by Scott Harrington.
0:59 of 3rd period - Stopped by Johan Hedberg with a rebound.
1:01 of 3rd period - Slapshot by Jonathon Blum.
1:01 of 3rd period - Shot Misses the Net.
1:21 of 3rd period - Randy Jones is hit by Rich Clune and loses puck.
1:36 of 3rd period - Wrist shot by Joel Armia.
1:36 of 3rd period - Shot Blocked by Randy Jones.
1:42 of 3rd period - Slapshot by Joel Armia.
1:42 of 3rd period - Shot Blocked by Harri Pesonen.
1:58 of 3rd period - Wrist shot by Jake Hansen.
1:58 of 3rd period - Stopped by Johan Hedberg without a rebound.
1:59 of 3rd period - Nicolas Deschamps wins face-off versus Farm Player34 in Phantoms zone.
2:22 of 3rd period - Jerome Gauthier-Leduc is hit by Rich Clune and loses puck.
2:23 of 3rd period - Penalty to Dmitrij Jaskin is over, Dmitrij Jaskin is back on ice.
2:27 of 3rd period - Slapshot by Rich Clune.
2:27 of 3rd period - Shot Blocked by Greg Zanon.
2:50 of 3rd period - Off-side.
2:51 of 3rd period - Jason Clark wins face-off versus Chris Langkow in neutral zone.
3:52 of 3rd period - Dmitrij Jaskin is hit by Nicolas Deschamps and loses puck.
4:10 of 3rd period - Slapshot by Greg Zanon.
4:10 of 3rd period - Shot Misses the Net.
4:36 of 3rd period - Brendon Nash is hit by Garrett Wilson and loses puck.
6:11 of 3rd period - Snap shot by Drew Schiestel.
6:11 of 3rd period - Stopped by Johan Hedberg with a rebound.
7:04 of 3rd period - Slapshot by Rich Clune.
7:04 of 3rd period - Stopped by Johan Hedberg without a rebound.
7:05 of 3rd period - Garrett Wilson wins face-off versus Rich Clune in Phantoms zone.
7:21 of 3rd period - Slapshot by Greg Zanon.
7:21 of 3rd period - Deflect By Zack Stortini.
7:21 of 3rd period - Shot Blocked by Brendon Nash.
7:21 of 3rd period - Puck is out of play.
7:22 of 3rd period - Chris Langkow wins face-off versus Nicolas Deschamps in Marlies zone.
8:49 of 3rd period - Rich Clune is hit by Dmitrij Jaskin and loses puck.
8:50 of 3rd period - Rich Clune from Marlies is injured at 8:50 of 3rd period (Strained Left Knee).
8:51 of 3rd period - Mark Van Guilder wins face-off versus Shane Prince in Marlies zone.
9:38 of 3rd period - Jonathon Blum is hit by Harri Pesonen and loses puck.
9:51 of 3rd period - Denver Manderson is hit by Jonathon Blum and loses puck.
9:58 of 3rd period - Slapshot by Greg Zanon.
9:58 of 3rd period - Stopped by Anders Nilsson without a rebound.
9:59 of 3rd period - Jason Clark wins face-off versus Farm Player34 in Marlies zone.
10:20 of 3rd period - Slapshot by Greg Zanon.
10:20 of 3rd period - Shot Misses the Net.
10:52 of 3rd period - Harrison Ruopp is hit by Chris Langkow and loses puck.
12:22 of 3rd period - Garrett Wilson is hit by Joel Armia and loses puck.
12:37 of 3rd period - Icing by Garnet Exelby.
12:38 of 3rd period - Chris Langkow wins face-off versus Nicolas Deschamps in Phantoms zone.
12:44 of 3rd period - Slapshot by Jonathon Blum.
12:44 of 3rd period - Shot Blocked by Chris Langkow.
13:24 of 3rd period - Greg Zanon is hit by Scott Harrington and loses puck.
14:50 of 3rd period - Jonathan Hazen is hit by Jason Clark and loses puck.
15:05 of 3rd period - Wrist shot by Dmitrij Jaskin.
15:05 of 3rd period - Stopped by Anders Nilsson with a rebound.
15:26 of 3rd period - Slapshot by Randy Jones.
15:26 of 3rd period - Stopped by Anders Nilsson with a rebound.
15:38 of 3rd period - Scott Harrington is hit by Farm Player37 and loses puck.
15:45 of 3rd period - Chris Langkow is hit by Shane Prince and loses puck.
16:34 of 3rd period - Wrist shot by Nicolas Deschamps.
16:34 of 3rd period - Shot Blocked by Keegan Lowe.
16:36 of 3rd period - Slapshot by Brendon Nash.
16:36 of 3rd period - Stopped by Johan Hedberg with a rebound.
16:38 of 3rd period - Wrist shot by Harrison Ruopp.
16:38 of 3rd period - Stopped by Johan Hedberg with a rebound.
17:19 of 3rd period - Wrist shot by Joel Armia.
17:19 of 3rd period - Shot Blocked by Dmitrij Jaskin.
17:31 of 3rd period - Wrist shot by Denver Manderson.
17:31 of 3rd period - Shot Misses the Net.
18:26 of 3rd period - Randy Jones is hit by Farm Player44.
19:17 of 3rd period - Nicolas Deschamps is hit by Farm Player34 and loses puck.
19:24 of 3rd period - Denver Manderson is hit by Jake Hansen and loses puck.
19:45 of 3rd period - Zack Stortini is hit by Scott Harrington and loses puck.
Goals for this period are 0 for Marlies vs 0 for Phantoms.
Shots for this period are 7 for Marlies vs 3 for Phantoms.

Overtime #1


0:01 of 1st overtime period - Dmitrij Jaskin wins face-off versus Shane Prince in neutral zone.
1:01 of 1st overtime period - Snap shot by Dmitrij Jaskin.
1:01 of 1st overtime period - Stopped by Anders Nilsson with a rebound.
1:03 of 1st overtime period - Wrist shot by Jerome Gauthier-Leduc.
1:03 of 1st overtime period - Shot Blocked by Jason Clark.
1:19 of 1st overtime period - Slapshot by Greg Zanon.
1:19 of 1st overtime period - Shot Blocked by Jonathon Blum.
1:21 of 1st overtime period - Snap shot by Dmitrij Jaskin.
1:21 of 1st overtime period - Stopped by Anders Nilsson without a rebound.
1:22 of 1st overtime period - Shane Prince wins face-off versus Dmitrij Jaskin in Marlies zone.
1:55 of 1st overtime period - Slapshot by Morgan Ellis.
1:55 of 1st overtime period - Shot Misses the Net.
1:57 of 1st overtime period - Wrist shot by Jason Clark.
1:57 of 1st overtime period - Stopped by Johan Hedberg with a rebound.
1:59 of 1st overtime period - Slapshot by Jason Clark.
1:59 of 1st overtime period - Stopped by Johan Hedberg without a rebound.
2:00 of 1st overtime period - Dmitrij Jaskin wins face-off versus Jason Clark in Phantoms zone.
2:15 of 1st overtime period - Slapshot by Drew Schiestel.
2:15 of 1st overtime period - Shot Blocked by Harri Pesonen.
2:40 of 1st overtime period - Snap shot by Denver Manderson.
2:40 of 1st overtime period - Shot Misses the Net.
2:54 of 1st overtime period - Slapshot by Jonathon Blum.
2:54 of 1st overtime period - Shot Misses the Net.
2:56 of 1st overtime period - Slapshot by Jonathon Blum.
2:56 of 1st overtime period - Shot Blocked by Randy Jones.
2:58 of 1st overtime period - Slapshot by Scott Harrington.
2:58 of 1st overtime period - Deflect By Garnet Exelby.
2:58 of 1st overtime period - Goal by Scott Harrington - Marlies : 3 - Phantoms : 2.
Goals for this period are 1 for Marlies vs 0 for Phantoms.
Shots for this period are 3 for Marlies vs 2 for Phantoms.


Output by the SimonT Hockey Simulator (STHS) for Eric Dolegowski -- Original Page W3C XHTML 1.0 Valid
Hockey Simulator - Hockey Simulation - Hockey Manager